 Dungeon Crawl Stone Soup version 0.28.0-49-g6dfe1f597d (webtiles) character file.

Game seed: 15507035534723342384

4795 Zeld the Destroyer (level 10, -1/88 HPs)
             Began as a Grey Draconian Conjurer on May 16, 2022.
             Was a Follower of Vehumet.
             Slain by a two-headed ogre
             ... wielding a +0 giant club
              (28 damage)
             ... on level 9 of the Dungeon.
             The game lasted 00:12:05 (10170 turns).

Zeld the Destroyer (Grey Draconian Conjurer)       Turns: 10170, Time: 00:12:05

Health: -1/88      AC: 14    Str: 10    XL:     10   Next: 24%
Magic:  1/20       EV: 14    Int: 23    God:    Vehumet [*.....]
Gold:   171        SH:  0    Dex: 16    Spells: 12/23 levels left

rFire   . . .      SeeInvis .   (no weapon)
rCold   . . .      Faith    .   (no shield)
rNeg    . . .      Spirit   .   (armour unavailable)
rPois   +          Reflect  .   (helmet restricted)
rElec   .          Harm     .   r - +0 cloak
rCorr   .          Rampage  .   t - +0 pair of gloves of a wizard's laboratory {rPois Dex+7}
Will    .....                   (no boots)
Stlth   +++.......              b - amulet of magic regeneration
HPRegen 0.24/turn               s - ring of wizardry
MPRegen 0.57/turn               (no ring)

@: very slightly contaminated
A: AC +12, amphibious, unfitting armour, cold-blooded
a: Renounce Religion


You were on level 9 of the Dungeon.
You worshipped Vehumet.
Vehumet was aware of your devotion.
You visited 2 branches of the dungeon, and saw 10 of its levels.

You collected 631 gold pieces.
You spent 460 gold pieces at shops.

Inventory:

Armour
 r - a +0 cloak (worn)
 t - the +0 pair of gloves of a wizard's laboratory (worn) {rPois Dex+7}
   (You found it on level 7 of the Dungeon)

   Dex:       It affects your dexterity (+7).
   rPois:     It protects you from poison.
Jewellery
 b - an amulet of magic regeneration (around neck)
 s - a ring of wizardry (left hand)
 x - a +6 ring of dexterity
 B - a ring of flight
Wands
 n - a wand of charming (10)
 o - a wand of polymorph (11)
 v - a wand of flame (12)
 y - a wand of mindburst (8)
Scrolls
 a - 5 scrolls of summoning
 c - 4 scrolls of teleportation
 d - 2 scrolls of identify
 h - 2 scrolls of enchant armour
 i - 2 scrolls of silence
 q - a scroll of blinking
 w - a scroll of fear
 A - a scroll of brand weapon {unknown}
Potions
 e - 2 potions of ambrosia
 f - 2 potions of attraction {unknown}
 g - a potion of berserk rage {unknown}
 j - 4 potions of flight {unknown}
 k - 3 potions of might {unknown}
 l - 2 potions of curing {unknown}
 m - a potion of resistance
 p - 2 potions of magic {unknown}
 u - 3 potions of heal wounds {unknown}
 z - 2 potions of haste {unknown}


   Skills:
 * Level 8.0 Fighting
 + Level 5.0 Dodging
 + Level 5.3 Stealth
 * Level 7.1 Spellcasting
 * Level 8.4 Conjurations
 - Level 2.0 Hexes
 - Level 2.0 Translocations


You had 12 spell levels left.
You knew the following spells:

 Your Spells              Type           Power      Damage    Failure   Level
a - Magic Dart            Conj           100%       1d8       1%          1
b - Searing Ray           Conj           94%        2d7       1%          2
c - Fulminant Prism       Conj/Hex       16%        3d11      3%          4
d - Iskenderun's Mystic   Conj/Tloc      32%        2d8       3%          4

Your spell library contained the following spells:

 Spells                   Type           Power      Damage    Failure   Level
 Static Discharge         Conj/Air       27%        N/A       1%          2
 Apportation              Tloc           34%        N/A       1%          1
 Dazzling Flash           Conj/Hex       64%        N/A       1%          3
 Animate Skeleton         Necr           16%        N/A       3%          1
 Summon Small Mammal      Summ           32%        N/A       3%          1
 Ensorcelled Hibernation  Hex/Ice        24%        N/A       3%          2
 Passwall                 Tmut/Erth      6%         N/A       4%          2
 Tukima's Dance           Hex            17%        N/A       4%          3
 Summon Guardian Golem    Hex/Summ       12%        N/A       6%          3
 Call Canine Familiar     Summ           8%         N/A       9%          3
 Swiftness                Air            8%         N/A       9%          3
 Anguish                  Hex/Necr       6%         N/A       21%         4
 Enfeeble                 Hex            8%         N/A       100%        7


Dungeon Overview and Level Annotations

Branches:
Dungeon (9/15)             Temple (1/1) D:4
   Lair: D:8-11         Orc: D:9-12

Altars:
Ashenzari
Cheibriados
Dithmenos
Elyvilon
Fedhas
Gozag
Hepliaklqana
Kikubaaqudgha
Makhleb
Nemelex Xobeh
Qazlal
Ru
Sif Muna
Trog
Uskayaw
Vehumet
Wu Jian
Xom
Yredelemnul
The Shining One

Shops:
D:1 [   D:4 =(   D:8 *   D:9 [


Innate Abilities, Weirdness & Mutations

Your dull iron-grey scales are very hard. (AC +12)
You are amphibious.
You cannot fit into any form of body armour.
You are cold-blooded and may be slowed by cold attacks.


Message History

Unknown command.
Unknown command.
Casting: Iskenderun's Mystic Blast (dangerous; 3% risk of failure)
Confirm with . or Enter, or press ? or * to list all spells.
You erupt in a blast of force!
The mystic blast hits the two-headed ogre!
The two-headed ogre is heavily wounded.
The two-headed ogre is knocked back by the mystic blast.
The mystic blast hits the two-headed ogre.
The two-headed ogre is heavily wounded.
The two-headed ogre is knocked back by the mystic blast.
Unknown command.
Unknown command.
Casting: Iskenderun's Mystic Blast (dangerous; 3% risk of failure)
Confirm with . or Enter, or press ? or * to list all spells.
Aiming: Searing Ray (safe; 1% risk of failure)
Press: ? - help, Shift-Dir - straight line, p - two-headed ogre The searing ray hits the two-headed ogre!
The two-headed ogre is severely wounded. (Press . to maintain the ray.) Unknown command.
The searing ray hits the two-headed ogre!
The two-headed ogre is almost dead.
The searing ray hits the two-headed ogre.
The two-headed ogre is severely wounded.
The searing ray misses the two-headed ogre.
The searing ray hits the two-headed ogre!
The two-headed ogre is severely wounded.
The two-headed ogre hits you with a +0 giant club!
* * * LOW HITPOINT WARNING * * *
The two-headed ogre closely misses you.
Unknown command.
Unknown command.
The searing ray hits the two-headed ogre!
The two-headed ogre is almost dead.
The searing ray hits the two-headed ogre!
The two-headed ogre is almost dead.
You finish channelling your searing ray.
The two-headed ogre hits you with a +0 giant club!!
You die...

.#........#.# #.#########.#
.#.#####).#.# #.........#.#
.#.# #..#.# #########.#.#
.#.# #.#### #.#.# .#.##
#.#8 #.#.# ....# ###.#
#.#.# ..)## #...##
#######.#.# ..)#
###.#..####.......#.# ...#
.........OO@.#######.# ##.#
.###.#..###### #.# ##.#
#.?.#############.#
##.#######.##.............#
...#.#.# #8 ###############
.###.#.# #### .# #.#.# #.#
.# #.#.# #.# .###.#.####.#


You could see 2 two-headed ogres.

Vanquished Creatures
  A hydra (D:7)
  A two-headed ogre (D:9)
  A troll (D:8)
  A hornet (D:9)
  Grinder (D:4)
  A spriggan (D:9)
  A hornet zombie (D:8)
  2 ice beasts
  3 water moccasins
  3 orc warriors
  2 ogres (D:4)
  A centaur (D:8)
  2 phantoms (D:4)
  A kobold brigand (D:7)
  4 bullfrogs
  A scorpion (D:5)
  2 water moccasin zombies
  3 wights (D:8)
  A centaur zombie (D:9)
  5 orc priests
  Crazy Yiuf (D:5)
  A gnoll shaman (D:4)
  A hound (D:6)
  2 bullfrog skeletons (D:6)
  Ijyb (D:5)
  5 iguanas
  7 orc wizards
  A hound skeleton (D:5)
  A howler monkey zombie (D:8)
  3 gnolls (D:5)
  A howler monkey skeleton (D:7)
  12 adders
  2 white imps (D:8)
  An ufetubus (D:5)
  A worm (D:2)
  A dart slug (D:4)
  27 orcs
  6 bats
  6 endoplasms
  4 giant cockroaches
  6 goblins
  6 hobgoblins
  3 quokkas
  3 training dummies (D:4)
  6 ball pythons
  4 frilled lizards
  15 kobolds
  7 rats
171 creatures vanquished.

Vanquished Creatures (others)
  A fungus (D:5)
1 creature vanquished.

Grand Total: 172 creatures vanquished

Notes
Turn   | Place    | Note
-------+----------+-------------------------------------------
     0 | D:1      | Zeld the Draconian Conjurer began the quest for the Orb.
     0 | D:1      | Reached XP level 1. HP: 14/14 MP: 3/3
   413 | D:1      | Reached XP level 2. HP: 22/22 MP: 3/5
   675 | D:1      | Found Dereo's Antique Armour Boutique.
   871 | D:1      | Reached skill level 1 in Fighting
  1213 | D:1      | Learned a level 2 spell: Searing Ray
  1342 | D:2      | Reached XP level 3. HP: 27/29 MP: 2/6
  1365 | D:2      | Reached XP level 4. HP: 36/36 MP: 5/7
  1622 | D:1      | Bought a pair of gloves for 85 gold pieces
  1874 | D:2      | Found a faded altar of an unknown god.
  2179 | D:3      | Found an ancient bone altar of Kikubaaqudgha.
  2776 | D:4      | Noticed a bullfrog
  2792 | D:3      | Reached XP level 5. HP: 15/42 MP: 6/9
  3098 | D:4      | Noticed a phantom
  3120 | D:4      | Killed a phantom
  3121 | D:4      | Reached skill level 5 in Conjurations
  3121 | D:4      | Reached XP level 6. HP: 26/51 MP: 4/11
  3126 | D:4      | Learned a level 4 spell: Fulminant Prism
  3131 | D:4      | Learned a level 4 spell: Iskenderun's Mystic Blast
  3298 | D:4      | Found a staircase to the Ecumenical Temple.
  3691 | D:4      | Reached skill level 1 in Translocations
  3884 | D:4      | Found Bovobiuq's Jewellery Boutique.
  3912 | D:4      | Your scales start taking on a dull iron-grey colour.
  3912 | D:4      | Reached XP level 7. HP: 44/57 MP: 8/12
  3937 | Temple   | Entered the Ecumenical Temple
  3956 | Temple   | Became a worshipper of Vehumet
  4160 | D:4      | Reached skill level 1 in Hexes
  4234 | D:4      | Found Kaze's Firing Range.
  4362 | D:5      | Entered Level 5 of the Dungeon
  4362 | D:5      | Noticed Grinder
  4426 | D:4      | Killed Grinder
  4759 | D:5      | Noticed Ijyb
  4817 | D:4      | Reached XP level 8. HP: 66/67 MP: 11/14
  5120 | D:5      | Found a runed translucent door.
  5121 | D:5      | Noticed Crazy Yiuf
  5148 | D:5      | Reached skill level 5 in Fighting
  5288 | D:5      | Killed Ijyb
  5289 | D:5      | Reached skill level 5 in Spellcasting
  5560 | D:5      | Identified the amulet "Roipte" {Acrobat Rampage Regen+
                  | Dex-4 Stlth-}
  5646 | D:5      | Killed Crazy Yiuf
  6994 | D:7      | Reached * piety under Vehumet
  6994 | D:7      | Offered knowledge of Foxfire by Vehumet.
  6998 | D:7      | Identified the +0 pair of gloves of a wizard's laboratory
                  | {rPois Dex+7}
  7110 | D:7      | Reached XP level 9. HP: 70/75 MP: 3/17
  8135 | D:4      | Bought a ring of wizardry for 300 gold pieces
  8227 | D:8      | Noticed a four-headed hydra
  8288 | D:7      | Killed a four-headed hydra
  8560 | D:8      | Found Regyn's Assorted Antiques.
  8610 | D:8      | Bought a scroll labelled REWEUK SOXKAOGG for 27 gold pieces
  8610 | D:8      | Bought a dark potion for 24 gold pieces
  8610 | D:8      | Bought a white potion for 24 gold pieces
  8636 | D:8      | Noticed a troll
  8664 | D:8      | Killed a troll
  8665 | D:8      | Reached skill level 5 in Stealth
  9632 | D:9      | Found Xoungit's Armour Shop.
  9640 | D:9      | Reached XP level 10. HP: 86/86 MP: 10/20
  9684 | D:9      | Found a snail-covered altar of Cheibriados.
  9965 | D:9      | Noticed a two-headed ogre
  9976 | D:9      | Killed a two-headed ogre
  9976 | D:9      | Offered knowledge of Static Discharge by Vehumet.
 10150 | D:9      | Noticed a two-headed ogre
 10150 | D:9      | Noticed a two-headed ogre
 10165 | D:9      | Reached skill level 5 in Dodging
 10170 | D:9      | Slain by a two-headed ogre

Illustrated notes

Levels and vault maps discovered:
D:1:      minmay_arrival_shattered_statue, layout_loops_corners, serial_shops,
          shop
D:2:      layout_loops_ring, shapermc_ecumenical_altar_pompeii,
          minmay_box_of_dots
D:3:      layout_loops_cross, kiku_gazebo_pond_becter
D:4:      layout_basic, minmay_temple_entry_ruins, serial_shops,
          nicolae_square_shop, nicolae_shop_firing_range
D:5:      layout_rooms, uniq_grinder, uniq_crazy_yiuf_cottage, uniq_ijyb
D:6:      layout_cave_pods
D:7:      layout_rooms
D:8:      layout_cave_pods, serial_column_ruins, column_ruins_hut_water,
          column_ruins_open_small, column_ruins_columns_corner,
          column_ruins_grid_1, column_ruins_grid_1, column_ruins_open_small,
          column_ruins_corridor_straight, column_ruins_columns_corner,
          serial_shops, shop_coins
D:9:      layout_loops_ring, mainiacjoe_overflow_big_doors, serial_shops,
          nicolae_stop_n_shop_1, hellmonk_guarded_unrand_gyre_and_gimble
Temple:   regret_index_temple_mists

Skill      XL: |  1  2  3  4  5  6  7  8  9 10 |
---------------+-------------------------------+-----
Fighting       | 1 2 3 4 6 7 8 |  8.0
Stealth        | 2 3 4 5 |  5.3
Dodging        | 2 3 4 5 |  5.0
Spellcasting   | 3 4 5 6 7 |  7.1
Conjurations   | 5 6 8 |  8.4
Translocations | 1 2 |  2.0
Hexes          | 1 2 |  2.0

Action                   |  1- 3 |  4- 6 |  7- 9 | 10-12 || total
-------------------------+-------+-------+-------+-------++-------
Melee: Unarmed           |    16 |    17 |   121 |    17 ||   171
       Tailslap          |     1 |     1 |    24 |     2 ||    28
       Punch             |       |       |     4 |       ||     4
 Cast: Magic Dart        |    48 |    11 |     1 |       ||    60
       Searing Ray       |     2 |    54 |    53 |     4 ||   113
       Iskenderun's Myst |       |       |    77 |    21 ||    98
  Use: Scroll            |       |       |     8 |       ||     8
 Stab: Sleeping          |       |     1 |     2 |       ||     3
Armor: Skin              |    15 |    27 |   121 |    18 ||   181
Dodge: Dodged            |    21 |    41 |   180 |    20 ||   262
